 Dungeon Crawl Stone Soup version 0.29-a0-384-g6960b1960d (webtiles) character file.

Game seed: 9360109216642790797

848 ytrimaz the Poker (level 7, 0/52 HPs)
             Began as a Demonspawn Fighter on May 6, 2022.
             Was an Initiate of Kikubaaqudgha.
             Succumbed to a killer bee's poison
             ... on level 5 of the Dungeon.
             The game lasted 00:06:55 (5041 turns).

ytrimaz the Poker (Demonspawn Fighter)              Turns: 5041, Time: 00:06:56

Health: 0/52       AC: 15    Str: 22    XL:     7   Next: 69%
Magic:  2/12       EV: 11    Int: 11    God:    Kikubaaqudgha [......]
Gold:   194        SH:  0    Dex: 13    Spells: 8/13 levels left

rFire   . . .      SeeInvis .   a - +1 trident (elec)
rCold   . . .      Faith    .   (no shield)
rNeg    . . .      Spirit   +   f - +2 robe {Archmagi}
rPois   .          Reflect  .   (no helmet)
rElec   .          Harm     .   o - +0 cloak {rCorr}
rCorr   +          Rampage  .   (no gloves)
Will    .....      Archmagi +   m - +0 pair of boots
Stlth   +.........              l - amulet of guardian spirit
HPRegen 0.17/turn               k - +6 ring of strength
MPRegen 0.13/turn               (no ring)

@: lethally poisoned (0 -> -1), sanguine armoured
A: claws 2, foul stench 1, sanguine armour 2
a: Renounce Religion


You were on level 5 of the Dungeon.
You worshipped Kikubaaqudgha.
Kikubaaqudgha was noncommittal.
You visited 2 branches of the dungeon, and saw 6 of its levels.

You collected 194 gold pieces.

Inventory:

Hand Weapons
 a - a +1 trident of electrocution (weapon)
Armour
 f - a +2 robe of the Archmagi (worn)
 m - a +0 pair of boots (worn)
 o - a +0 cloak of preservation (worn)
Jewellery
 k - a +6 ring of strength (left claw)
 l - an amulet of guardian spirit (around neck)
Scrolls
 b - a scroll of amnesia
 c - a scroll of fog
 i - a scroll of fear
 n - a scroll of immolation
Potions
 d - 2 potions of might
 g - 2 potions of cancellation
 h - 2 potions of brilliance


   Skills:
 - Level 3.3 Fighting
 + Level 5.2 Polearms
 - Level 3.3 Armour
 + Level 0.9 Dodging
 - Level 3.0 Shields
 * Level 3.6 Spellcasting
 * Level 1.2 Necromancy
 * Level 3.3 Poison Magic


You had 8 spell levels left.
You knew the following spells:

 Your Spells              Type           Power      Damage    Failure   Level
a - Sting                 Tmut/Pois      32%        1d4       12%         1
b - Olgreb's Toxic Radia  Pois           14%        N/A       52%         4

Your spell library contained the following spells:

 Spells                   Type           Power      Damage    Failure   Level
 Animate Skeleton         Necr           14%        N/A       16%         1
 Pain                     Necr           28%        1d5       16%         1
 Poisonous Vapours        Pois/Air       16%        N/A       19%         2
 Vampiric Draining        Necr           7%         2d6       41%         3
 Gell's Gravitas          Tloc           3%         N/A       58%         3
 Teleport Other           Tloc           3%         N/A       58%         3
 Iskenderun's Battlesphe  Conj           3%         2d6       100%        5
 Dispersal                Tloc           1%         N/A       100%        6
 Iron Shot                Conj/Erth      1%         9d1       100%        6
 Spellforged Servitor     Conj/Summ      1%         N/A       100%        7


Dungeon Overview and Level Annotations

Branches:
Dungeon (5/15)             Temple (1/1) D:5

Altars:
Ashenzari
Cheibriados
Dithmenos
Elyvilon
Fedhas
Gozag
Hepliaklqana
Kikubaaqudgha
Makhleb
Nemelex Xobeh
Okawaru
Qazlal
Ru
Sif Muna
Trog
Uskayaw
Vehumet
Wu Jian
Xom
Yredelemnul
Zin
The Shining One

Shops:
D:3 =


Innate Abilities, Weirdness & Mutations

You have very sharp fingernails.
You may rarely emit foul miasma when damaged in melee.
When seriously injured, your blood forms thick armour. (AC +9)


Message History

The killer bee stings you but does no damage. x2
Unknown command.
Unknown command.
Okay, then.
Okay, then.
Casting: Sting (safe; 12% risk of failure)
Confirm with . or Enter, or press ? or * to list all spells.
You don't have enough magic to cast this spell.
There are monsters nearby!
Unknown command.
You can't go down here!
Unknown command.
You puncture the killer bee!
Lightning courses through the killer bee!
You kill the killer bee!
Kikubaaqudgha accepts your kill.
You feel sick. The killer bee stings you.
* * * LOW HITPOINT WARNING * * *
The killer bee barely misses you.
You barely miss the orc.
* * * LOW HITPOINT WARNING * * *
You feel sick.
The killer bee stings you but does no damage.
The orc closely misses you.
The killer bee stings you but does no damage.
You barely miss the orc.
* * * LOW HITPOINT WARNING * * *
You feel sick. The killer bee closely misses you. The orc closely misses you.
The killer bee stings you but does no damage.
You barely miss the orc.
* * * LOW HITPOINT WARNING * * *
You feel sick. The killer bee barely misses you.
The orc hits you but does no damage.
The killer bee stings you but does no damage.
Unknown command.
Unknown command.
You hit the orc.
The orc is severely wounded.
You die...
Kikubaaqudgha rasps: "You have failed me!
Welcome... death!"

#......# #.....# +......#
#.....# ##......+ ##...##
........######'#########
........#...##..........
........................
......##....#...##......
.........##.#......####+#
##...##.....o@##.#......#
#......#..##y...#......#
#...##.#.....#.........#
#.........##.#.#.......#
#....#.##......#.......#
# . .#....>.##.........#
.....##...)..##....<.#
..##....##[#.........#
....##....#.##..#####


You could see a killer bee and an orc.

Vanquished Creatures
  An ice beast (D:5)
  A phantom (D:5)
  A necrophage (D:3)
  A scorpion (D:4)
  6 killer bees
  An orc priest (D:4)
  Jessica (D:2)
  4 orc wizards
  5 adders
  3 worms (D:2)
  A dart slug (D:4)
  12 orcs
  8 ball pythons
  9 endoplasms
  5 giant cockroaches
  11 goblins
  7 hobgoblins
  5 kobolds
  3 quokkas
  8 bats
  2 frilled lizards (D:1)
  7 rats
102 creatures vanquished.

Notes
Turn   | Place    | Note
-------+----------+-------------------------------------------
     0 | D:1      | ytrimaz the Demonspawn Fighter began the quest for the Orb.
     0 | D:1      | Reached XP level 1. HP: 18/18 MP: 1/1
   291 | D:1      | Gained mutation: You may rarely emit foul miasma when
                  | damaged in melee. [demonic ancestry]
   291 | D:1      | Reached XP level 2. HP: 22/24 MP: 2/2
   442 | D:1      | Reached skill level 2 in Polearms
   903 | D:2      | Gained mutation: You have sharp fingernails. [demonic
                  | ancestry]
   903 | D:2      | Reached XP level 3. HP: 16/29 MP: 3/3
  1425 | D:2      | Found a faded altar of an unknown god.
  1443 | D:2      | Learned a level 1 spell: Sting
  1545 | D:2      | Gained mutation: When seriously injured, your blood forms
                  | armour. (AC +9) [demonic ancestry]
  1545 | D:2      | Reached XP level 4. HP: 30/35 MP: 3/5
  1717 | D:2      | Reached skill level 1 in Spellcasting
  1805 | D:2      | Noticed Jessica
  1810 | D:2      | Killed Jessica
  1811 | D:2      | Reached skill level 3 in Polearms
  1944 | D:2      | Learned a level 4 spell: Olgreb's Toxic Radiance
  2150 | D:3      | Found Kobbeps's Jewellery Boutique.
  2219 | D:3      | Gained mutation: You have very sharp fingernails. [demonic
                  | ancestry]
  2219 | D:3      | Reached XP level 5. HP: 38/41 MP: 3/6
  2323 | D:3      | Reached skill level 1 in Poison Magic
  2819 | D:3      | Reached XP level 6. HP: 47/47 MP: 7/9
  2899 | D:3      | Found an ornate altar of the Wu Jian Council.
  3105 | D:4      | Reached skill level 4 in Polearms
  3595 | D:4      | Gained mutation: When seriously injured, your blood forms
                  | thick armour. (AC +9) [demonic ancestry]
  3595 | D:4      | Reached XP level 7. HP: 5/52 MP: 5/11
  4559 | D:5      | Entered Level 5 of the Dungeon
  4564 | D:5      | Found a staircase to the Ecumenical Temple.
  4587 | Temple   | Entered the Ecumenical Temple
  4911 | Temple   | Became a worshipper of Kikubaaqudgha
  5015 | D:5      | Reached skill level 5 in Polearms
  5030 | D:5      | Reached skill level 1 in Necromancy
  5039 | D:5      | HP: 2/52 [poisoned by a killer bee]
  5041 | D:5      | Succumbed to a killer bee's poison

Illustrated notes

Levels and vault maps discovered:
D:1:      lordsloth_arrival_two_stooges, layout_loops_ring
D:2:      minmay_alternating_diamond, layout_rooms, basic_ecumenical_altar,
          uniq_jessica
D:3:      layout_basic, general_overflow_altar, serial_shops,
          nicolae_diamond_shop
D:4:      layout_loops_corners
D:5:      layout_gridville, minmay_temple_entry_ruins,
          ebering_ghost_reflecting_pool, chequers_serial_rivers_room_a,
          grunt_decor_mini_mirrors, minmay_holes
Temple:   mainiacjoe_temple_archimedes_tessellation

Skill      XL: |  1  2  3  4  5  6  7 |
---------------+----------------------+-----
Polearms       | 2 3 4 5 |  5.2
Armour         | 3 |  3.3
Shields        | 3 |  3.0
Spellcasting   | 1 2 3 |  3.6
Poison Magic   | 1 2 3 |  3.3
Necromancy     | 1 |  1.2
Fighting       | |  3.3
Dodging        | |  0.9

Action                   |  1- 3 |  4- 6 |  7- 9 || total
-------------------------+-------+-------+-------++-------
Melee: Trident           |    98 |   123 |    62 ||   283
 Cast: Sting             |     3 |    20 |     2 ||    25
  Use: Scroll            |     7 |     4 |     1 ||    12
       Potion            |       |     1 |     2 ||     3
 Stab: Sleeping          |       |     2 |     1 ||     3
Armor: Scale mail        |    15 |       |       ||    15
       Leather armour    |    19 |       |       ||    19
       Robe              |       |    53 |    43 ||    96
Dodge: Dodged            |    44 |    83 |    55 ||   182
Block: Buckler           |    17 |       |       ||    17

Table legend: (Time is in decaauts)
 A = Elapsed time spent in this place.
 B = Non-inter-level travel time spent in this place.
 C = Inter-level travel time spent in this place.
 D = Time resting spent in this place.
 E = Time spent auto-exploring this place.
 F = Levels seen in this place.
 G = Mean time per level.
                   A        B        C        D        E       F      G
               +--------+--------+--------+--------+--------+-----+--------+
         Total |   5081 |   4920 |    161 |     61 |   3921 |   6 |  846.8 |
       Dungeon |   4747 |   4645 |    102 |     61 |   3698 |   5 |  949.4 |
        Temple |    334 |    275 |     59 |      0 |    223 |   1 |  334.0 |
               +--------+--------+--------+--------+--------+-----+--------+

Top non-repeatable levels by time:
     D:4: 1492 daAuts
     D:3: 1124 daAuts
     D:2: 1094 daAuts
     D:1: 886 daAuts
  Temple: 334 daAuts
     D:5: 149 daAuts
